 Dungeon Sprint DCSS version 0.17-a0-1939-ga475588 (webtiles) character file.

15900000 HenryFlower the Axe Maniac (level 27, -36/298 HPs)
             Began as a Deep Dwarf Warper on Sept 30, 2015.
             Was the Champion of Makhleb.
             Annihilated by a destroyer
             ... wielding a +9 great sword of slicing
              (63 damage)
             ... in the Dungeon (Sprint VIII: "Arena of Blood").
             The game lasted 00:06:33 (159 turns).

HenryFlower the Axe Maniac (Deep Dwarf Warper)       Turns: 159, Time: 00:06:33

Health: -36/298    AC:  6    Str: 19    XL:     27
Magic:  54/54      EV: 36    Int: 14    God:    Makhleb [******]
Gold:   0          SH:  0    Dex: 21    Spells: 1 memorised, 79 levels left

rFire  + . .     SeeInvis +     l - +∞ Axe of Woe
rCold  . . .     Clarity  .     a - +0 leather armour
rNeg   + . .     SustAt   .     (no shield)
rPois  .         Gourm    .     (no helmet)
rElec  .         Spirit   .     (no cloak)
rCorr  .         Warding  .     (no gloves)
rMut   .         NoTele   +     (no boots)
MR     ++++.                    (no amulet)
Stlth  +++++++++.               c - ring of protection from fire
                                m - ring of see invisible

@: lethally poisoned (-36 -> -36), non-regenerating, incredibly resistant to
hostile enchantments, incredibly stealthy
A: damage resistance, recharge devices, negative energy resistance 1, sense
surroundings 3, slow healing 3
a: Device Recharging, Minor Destruction, Lesser Servant of Makhleb, Major
Destruction, Greater Servant of Makhleb, Renounce Religion


You were in the Dungeon.
You worshipped Makhleb.
Makhleb was exalted by your worship.
You were not hungry.

You visited 1 branch

Inventory:

Hand weapons
 l - the +∞ Axe of Woe (weapon)
   (You found it in the Dungeon)
Missiles
 d - 5 tomahawks of dispersal (quivered)
Armour
 a - a +0 leather armour (worn)
Jewellery
 c - a ring of protection from fire (right hand)
 m - a ring of see invisible (left hand)
Magical devices
 e - a wand of heal wounds (3)
Potions
 g - a potion of curing
 h - a potion of heal wounds
 i - a potion of haste
 j - 2 potions of magic
 k - a potion of berserk rage
Books
 b - a book of Spatial Translocations

   Spells                             Type                      Level
   a - Apportation                    Translocation                1
   b - Blink                          Translocation                2
   c - Shroud of Golubria             Charms/Translocation         2
   d - Portal Projectile              Translocation                3
   e - Teleport Other                 Translocation                3
   f - Passage of Golubria            Translocation                4
Comestibles
 f - a bread ration


   Skills:
 O Level 27 Fighting
 O Level 27 Axes
 O Level 27 Throwing
 O Level 27 Armour
 O Level 27 Dodging
 O Level 27 Stealth
 O Level 27 Unarmed Combat
 O Level 27 Spellcasting
 O Level 27 Translocations
 O Level 27 Invocations
 O Level 27 Evocations


You had 79 spell levels left.
You knew the following spells:

 Your Spells              Type           Power        Failure   Level  Hunger
a - Apportation           Tloc           #######...   0%          1    None


Dungeon Overview and Level Annotations

Branches:
Dungeon (1/1)

Altars:
Makhleb


Innate Abilities, Weirdness & Mutations

You are resistant to damage.
You can recharge devices by infusing magical energy.
You resist negative energy.
You passively map a large area around you.
You do not heal naturally.


Message History

You feel much better.
This wand has 3 charges left.
You hear a shout!
The destroyer blinks!
The observer gazes at you. Something smites you!
* * * LOW HITPOINT WARNING * * *
You hear a shout!
An ogre and a phantom come into view.
Unknown command.
Unknown command.
An orc, a hell beast and a phantom come into view.
The bag of meat shouts!
The eight-headed meat hydra roars!
The meat beast gives a chilling moan.
The fleshlord hits you with a +9 great mace!!!
* * * LOW HITPOINT WARNING * * *
You hear a shout!
The meat berserker rages.
You hear a shout!
The destroyer hits you with a +9 great sword of slicing!!!
You die...

, * , O####..........# ,
, ,o.....O.D......# , ,
W.....oo#§.....# ,,
,.....oooD.D....# ..
....C.Oo#...W..# ..#
,.W.Wz..XWo.....# ,..#
2.....Vo##))...#
,...###.....OG2@)))))..#
###.......2....p###))...#
._..................†)).#
.%..#.......#.#........)#
.<._#%..%............)..#
....#....%.#.#.#......))#
._.)%...................#
###)........#.#.#..#....#
..§)§###..........#.....#


You could see 3 meat beasts, 3 eight-headed meat hydras, a destroyer, an
observer (invisible), a fleshlord, a sculptor of flesh, a large bag of meat
(inner flame), a large abomination, 3 wretched souls, a dread, 4 meat berserkers
and 8 bags of meat.

Vanquished Creatures
  3 hell knights (D)
  8 hell beasts (D)
  5 greater mummies (D)
  6 great orbs of eyes (D)
  6 wraiths (D)
  14 vampire knights (D)
  34 ogres (D)
  4 liches (D)
  4 hydras (D)
  88 orcs (D)
  3 phantoms (D)
  7 hill giants (D)
  2 skeletal warriors (D)
  2 sea snakes (D)
  3 large abominations (D)
  4 small abominations (D)
  10 crawling corpses (D)
203 creatures vanquished.

Vanquished Creatures (others)
  A small abomination (D)
  3 crawling corpses (D)
4 creatures vanquished.

Grand Total: 207 creatures vanquished

Notes
Turn   | Place    | Note
--------------------------------------------------------------
     0 | D        | HenryFlower the Deep Dwarf Warper began the quest for the Orb.
     0 | D        | Reached XP level 1. HP: 19/19 MP: 3/3
     3 | D        | Noticed a bag of meat
     3 | D        | Noticed a bag of meat
     3 | D        | Noticed a bag of meat
     4 | D        | Became a worshipper of Makhleb the Destroyer
     5 | D        | Noticed a bag of meat
     5 | D        | Noticed a bag of meat
     6 | D        | Noticed a bag of meat
     7 | D        | Noticed a bag of meat
     8 | D        | Killed a bag of meat
     8 | D        | Reached skill level 27 in Axes
     8 | D        | Reached XP level 2. HP: 24/33 MP: 4/4
     8 | D        | Reached XP level 3. HP: 29/40 MP: 5/5
     8 | D        | Reached XP level 4. HP: 34/48 MP: 6/6
     8 | D        | Reached XP level 5. HP: 38/55 MP: 7/7
     8 | D        | Reached XP level 6. HP: 42/62 MP: 8/8
     8 | D        | Reached XP level 7. HP: 46/69 MP: 9/9
     8 | D        | Reached XP level 8. HP: 50/76 MP: 10/10
     8 | D        | Gained mutation: You passively map the area around you. [Deep Dwarf growth]
     8 | D        | Reached XP level 9. HP: 53/82 MP: 11/11
     8 | D        | Reached XP level 10. HP: 58/91 MP: 12/12
     8 | D        | Reached XP level 11. HP: 61/97 MP: 13/13
     8 | D        | Killed a bag of meat
     8 | D        | Acquired Makhleb's first power
     8 | D        | Reached XP level 12. HP: 64/135 MP: 14/14
     8 | D        | Noticed a bag of meat
     9 | D        | Noticed a bag of meat
     9 | D        | Killed a bag of meat
     9 | D        | Reached XP level 13. HP: 52/156 MP: 15/15
     9 | D        | Killed a bag of meat
     9 | D        | Acquired Makhleb's second power
     9 | D        | Gained mutation: You resist negative energy. [Deep Dwarf growth]
     9 | D        | Reached XP level 14. HP: 54/172 MP: 16/16
    10 | D        | Noticed a meat berserker
    10 | D        | Killed a bag of meat
    11 | D        | Noticed a bag of meat
    11 | D        | Noticed a meat berserker
    12 | D        | Noticed a meat berserker
    12 | D        | Noticed a meat berserker
    12 | D        | Noticed a bag of meat
    12 | D        | Killed a bag of meat
    12 | D        | Acquired Makhleb's third power
    12 | D        | Reached skill level 27 in Fighting
    12 | D        | Reached XP level 15. HP: 109/190 MP: 17/17
    13 | D        | Noticed a bag of meat
    13 | D        | Noticed a bag of meat
    13 | D        | Noticed a large bag of meat
    13 | D        | Noticed a bag of meat
    13 | D        | Noticed a large bag of meat
    14 | D        | Noticed a meat berserker
    14 | D        | Noticed a bag of meat
    14 | D        | Noticed a bag of meat
    14 | D        | Noticed a bag of meat
    14 | D        | Noticed a bag of meat
    14 | D        | Killed a meat berserker
    14 | D        | Killed a bag of meat
    14 | D        | Reached XP level 16. HP: 180/200 MP: 18/18
    15 | D        | Noticed a bag of meat
    16 | D        | Noticed a bag of meat
    16 | D        | Noticed a bag of meat
    16 | D        | Killed a bag of meat
    16 | D        | Acquired Makhleb's fourth power
    16 | D        | Killed a meat berserker
    16 | D        | Reached XP level 17. HP: 208/208 MP: 19/19
    17 | D        | Killed a bag of meat
    17 | D        | Killed a bag of meat
    17 | D        | Acquired Makhleb's fifth power
    17 | D        | Reached skill level 27 in Armour
    17 | D        | Reached skill level 27 in Dodging
    17 | D        | Killed a meat berserker
    17 | D        | Gained mutation: You passively map a large area around you. [Deep Dwarf growth]
    17 | D        | Reached XP level 18. HP: 218/218 MP: 19/36
    17 | D        | Killed a bag of meat
    19 | D        | Noticed a bag of meat
    19 | D        | Killed a bag of meat
    19 | D        | Killed a large bag of meat
    20 | D        | Killed a meat berserker
    20 | D        | Reached XP level 19. HP: 226/226 MP: 19/44
    20 | D        | Killed a large bag of meat
    20 | D        | Reached skill level 27 in Translocations
    20 | D        | Killed a bag of meat
    21 | D        | Noticed a bag of meat
    21 | D        | Killed a bag of meat
    21 | D        | Killed a bag of meat
    21 | D        | Reached skill level 27 in Spellcasting
    22 | D        | Noticed a bag of meat
    22 | D        | Noticed a large bag of meat
    23 | D        | Noticed a bag of meat
    24 | D        | Noticed a bag of meat
    24 | D        | Noticed a bag of meat
    24 | D        | Noticed a destroyer
    25 | D        | Killed a destroyer
    25 | D        | Reached XP level 20. HP: 236/236 MP: 21/51
    26 | D        | Killed a meat berserker
    27 | D        | Noticed a destroyer
    27 | D        | Killed a bag of meat
    28 | D        | Noticed a destroyer
    28 | D        | Killed a bag of meat
    29 | D        | Killed a bag of meat
    29 | D        | Reached XP level 21. HP: 244/244 MP: 21/52
    29 | D        | Killed a bag of meat
    29 | D        | Reached skill level 27 in Stealth
    29 | D        | Reached skill level 27 in Invocations
    29 | D        | Reached skill level 27 in Evocations
    30 | D        | Noticed a bag of meat
    31 | D        | Noticed an eight-headed meat hydra
    31 | D        | Killed a destroyer
    31 | D        | Killed a bag of meat
    32 | D        | Killed a destroyer
    32 | D        | Reached XP level 22. HP: 226/254 MP: 22/53
    32 | D        | Killed a bag of meat
    32 | D        | Killed a large bag of meat
    33 | D        | Noticed a destroyer
    33 | D        | Noticed a destroyer
    34 | D        | Noticed a meat berserker
    34 | D        | Killed a bag of meat
    34 | D        | Killed a bag of meat
    36 | D        | Noticed a large bag of meat
    36 | D        | Noticed a destroyer
    36 | D        | Killed a bag of meat
    37 | D        | Killed a bag of meat
    37 | D        | Killed a destroyer
    37 | D        | Reached skill level 27 in Throwing
    37 | D        | Reached skill level 27 in Unarmed Combat
    38 | D        | Noticed a meat berserker
    39 | D        | Noticed a sculptor of flesh
    39 | D        | Noticed a sculptor of flesh
    39 | D        | Killed a destroyer
    39 | D        | Reached XP level 23. HP: 193/262 MP: 24/54
    41 | D        | Noticed a meat berserker
    41 | D        | Noticed a sculptor of flesh
    41 | D        | Killed a meat berserker
    41 | D        | Killed a nine-headed meat hydra
    42 | D        | Killed a meat berserker
    43 | D        | Killed a large bag of meat
    44 | D        | Noticed a destroyer
    44 | D        | Noticed a bag of meat
    44 | D        | Noticed a bag of meat
    44 | D        | Noticed a bag of meat
    44 | D        | Noticed a meat berserker
    44 | D        | Noticed a meat berserker
    45 | D        | Noticed a meat berserker
    45 | D        | Noticed a bag of meat
    45 | D        | Noticed a bag of meat
    45 | D        | Killed a meat berserker
    47 | D        | Noticed a destroyer
    47 | D        | Noticed a bag of meat
    47 | D        | Noticed a bag of meat
    47 | D        | Noticed a bag of meat
    47 | D        | Noticed a bag of meat
    47 | D        | Noticed a bag of meat
    48 | D        | Noticed a bag of meat
    48 | D        | Noticed a bag of meat
    48 | D        | Noticed a meat berserker
    48 | D        | Noticed a bag of meat
    48 | D        | Noticed a meat berserker
    48 | D        | Killed a bag of meat
    48 | D        | Reached XP level 24. HP: 272/272 MP: 27/54
    49 | D        | Noticed a bag of meat
    49 | D        | Noticed a bag of meat
    49 | D        | Noticed a meat berserker
    49 | D        | Killed a meat berserker
    50 | D        | Noticed a destroyer
    50 | D        | Noticed a bag of meat
    50 | D        | Noticed a destroyer
    50 | D        | Killed a destroyer
    50 | D        | Killed a meat berserker
    51 | D        | Noticed a bag of meat
    51 | D        | Noticed a bag of meat
    51 | D        | Killed a meat berserker
    51 | D        | Reached XP level 25. HP: 280/280 MP: 27/54
    51 | D        | Killed a meat berserker
    51 | D        | Killed a destroyer
    52 | D        | Noticed a meat berserker
    52 | D        | Killed a bag of meat
    52 | D        | Killed a bag of meat
    53 | D        | Noticed a bag of meat
    53 | D        | Noticed a large bag of meat
    53 | D        | Noticed a bag of meat
    53 | D        | Killed a meat berserker
    53 | D        | Reached XP level 26. HP: 290/290 MP: 28/54
    54 | D        | Noticed a bag of meat
    54 | D        | Killed a bag of meat
    54 | D        | Killed a meat berserker
    54 | D        | Killed a bag of meat
    55 | D        | Noticed a bag of meat
    55 | D        | Noticed a bag of meat
    55 | D        | Noticed a bag of meat
    55 | D        | Killed a bag of meat
    55 | D        | Killed a bag of meat
    56 | D        | Noticed a bag of meat
    56 | D        | Killed a bag of meat
    56 | D        | Killed a bag of meat
    57 | D        | Noticed a meat berserker
    58 | D        | Noticed a bag of meat
    58 | D        | Noticed a large bag of meat
    58 | D        | Killed a bag of meat
    58 | D        | Killed a bag of meat
    58 | D        | Reached XP level 27. HP: 298/298 MP: 29/54
    58 | D        | Killed a bag of meat
    58 | D        | Killed a bag of meat
    59 | D        | Killed a bag of meat
    59 | D        | Killed a bag of meat
    59 | D        | Killed a bag of meat
    59 | D        | Killed a meat berserker
    60 | D        | Noticed a bag of meat
    60 | D        | Noticed a meat berserker
    61 | D        | Noticed a destroyer
    61 | D        | Killed a bag of meat
    61 | D        | Killed a bag of meat
    61 | D        | Killed a destroyer
    61 | D        | Killed a bag of meat
    61 | D        | Killed a destroyer
    62 | D        | Noticed an accursed
    62 | D        | Noticed a bag of meat
    62 | D        | Killed a large bag of meat
    62 | D        | Killed an accursed
    63 | D        | Noticed a tyrant
    63 | D        | Killed a bag of meat
    63 | D        | Killed a destroyer
    63 | D        | Killed a destroyer
    64 | D        | Killed a bag of meat
    65 | D        | Noticed a bag of meat
    65 | D        | Noticed a dread
    65 | D        | Noticed a tyrant
    65 | D        | Killed a bag of meat
    66 | D        | Killed a meat berserker
    67 | D        | Noticed a bag of meat
    67 | D        | Killed a bag of meat
    67 | D        | Killed a bag of meat
    68 | D        | Noticed a dread
    69 | D        | Killed a large bag of meat
    69 | D        | Killed a meat berserker
    69 | D        | Killed a bag of meat
    70 | D        | Noticed a meat berserker
    70 | D        | Killed a bag of meat
    70 | D        | Killed a dread
    71 | D        | Noticed a meat berserker
    71 | D        | Killed a bag of meat
    71 | D        | Killed a bag of meat
    71 | D        | Noticed a meat beast
    73 | D        | Killed a bag of meat
    73 | D        | Killed a sculptor of flesh
    73 | D        | Killed a bag of meat
    74 | D        | Killed a bag of meat
    75 | D        | Noticed a bag of meat
    75 | D        | Noticed a meat berserker
    75 | D        | Killed a tyrant
    75 | D        | Noticed a meat beast
    75 | D        | Noticed a meat beast
    76 | D        | Killed a tyrant
    76 | D        | Killed a meat berserker
    77 | D        | Killed a meat beast
    77 | D        | Killed a meat berserker
    77 | D        | Killed a meat beast
    78 | D        | Noticed a bag of meat
    79 | D        | Killed a meat beast
    81 | D        | Killed a bag of meat
    81 | D        | Killed a dread
    83 | D        | Noticed a wretched soul
    83 | D        | Killed a bag of meat
    83 | D        | Killed a bag of meat
    83 | D        | Killed a meat berserker
    84 | D        | Noticed a meat berserker
    86 | D        | Noticed a dread
    87 | D        | Killed a meat berserker
    88 | D        | Noticed a bag of meat
    92 | D        | Killed a bag of meat
    93 | D        | Noticed an observer
    96 | D        | Killed a dread
    98 | D        | Noticed a meat berserker
    98 | D        | Noticed an accursed
    98 | D        | Killed an observer
    99 | D        | Noticed a meat berserker
   100 | D        | Noticed an observer
   100 | D        | Noticed a large bag of meat
   100 | D        | Noticed a sculptor of flesh
   101 | D        | Killed a meat berserker
   102 | D        | Killed a meat berserker
   102 | D        | Killed a wretched soul
   103 | D        | Noticed an accursed
   103 | D        | Noticed a bag of meat
   103 | D        | Noticed a meat beast
   104 | D        | Noticed a bag of meat
   104 | D        | Noticed a bag of meat
   105 | D        | Noticed a bag of meat
   105 | D        | Noticed a meat berserker
   105 | D        | Noticed a dread
   105 | D        | Killed a sculptor of flesh
   106 | D        | Noticed a bag of meat
   106 | D        | Killed an observer
   107 | D        | Noticed an accursed
   108 | D        | Noticed an observer
   108 | D        | Killed a large bag of meat
   108 | D        | Killed a meat beast
   109 | D        | Killed a bag of meat
   109 | D        | Killed an accursed
   110 | D        | Noticed a dread
   110 | D        | Noticed a meat berserker
   111 | D        | Noticed a bag of meat
   111 | D        | Noticed a bag of meat
   111 | D        | Killed a meat berserker
   111 | D        | Killed a bag of meat
   112 | D        | Noticed a meat berserker
   112 | D        | Noticed a bag of meat
   112 | D        | Killed a bag of meat
   112 | D        | Killed a bag of meat
   113 | D        | Noticed a bag of meat
   113 | D        | Noticed a bag of meat
   113 | D        | Noticed a bag of meat
   113 | D        | Noticed a bag of meat
   113 | D        | Noticed a meat beast
   113 | D        | Noticed a destroyer
   114 | D        | Noticed a bag of meat
   114 | D        | Noticed a wretched soul
   114 | D        | Killed an observer
   114 | D        | Killed a bag of meat
   114 | D        | Killed a dread
   114 | D        | Killed an accursed
   115 | D        | Noticed a tyrant
   116 | D        | Noticed a meat beast
   117 | D        | Noticed a meat berserker
   117 | D        | Noticed a meat berserker
   117 | D        | Noticed a bag of meat
   117 | D        | Noticed a bag of meat
   117 | D        | Noticed a bag of meat
   117 | D        | Noticed a bag of meat
   117 | D        | Noticed a bag of meat
   118 | D        | Noticed a bag of meat
   118 | D        | Noticed a destroyer
   118 | D        | Noticed a dread
   118 | D        | Noticed a meat beast
   118 | D        | Killed a bag of meat
   118 | D        | Killed a meat berserker
   118 | D        | Killed a dread
   118 | D        | Killed a bag of meat
   119 | D        | Noticed a bag of meat
   119 | D        | Killed a bag of meat
   119 | D        | Killed a meat beast
   120 | D        | Noticed an accursed
   120 | D        | Killed a destroyer
   120 | D        | Killed a meat beast
   121 | D        | Noticed a destroyer
   121 | D        | Killed a meat berserker
   121 | D        | Killed a meat berserker
   121 | D        | Killed a meat berserker
   122 | D        | Noticed an observer
   122 | D        | Killed a bag of meat
   122 | D        | Noticed a bag of meat
   123 | D        | Killed a destroyer
   123 | D        | Killed an accursed
   124 | D        | Killed a meat beast
   124 | D        | Killed a dread
   125 | D        | Noticed a bag of meat
   125 | D        | Killed a wretched soul
   126 | D        | Noticed a bag of meat
   126 | D        | Noticed a bag of meat
   126 | D        | Killed a bag of meat
   126 | D        | Killed a bag of meat
   127 | D        | Noticed a tyrant
   127 | D        | Noticed an observer
   127 | D        | Noticed a bag of meat
   128 | D        | Killed an observer
   128 | D        | Killed a bag of meat
   128 | D        | Killed a bag of meat
   129 | D        | Noticed a bag of meat
   129 | D        | Noticed a bag of meat
   129 | D        | Killed a bag of meat
   130 | D        | Killed a bag of meat
   130 | D        | Killed a bag of meat
   131 | D        | Noticed a meat berserker
   131 | D        | Killed a destroyer
   131 | D        | Killed a bag of meat
   132 | D        | Killed a bag of meat
   133 | D        | Noticed a meat berserker
   133 | D        | Noticed an observer
   133 | D        | Killed a bag of meat
   133 | D        | Killed a bag of meat
   134 | D        | Noticed a fleshlord
   134 | D        | Noticed a fleshlord
   134 | D        | Killed a bag of meat
   135 | D        | Killed a bag of meat
   136 | D        | Noticed a fleshlord
   137 | D        | Noticed a bag of meat
   139 | D        | Noticed a meat berserker
   139 | D        | Killed a meat berserker
   139 | D        | Killed a bag of meat
   139 | D        | Killed a bag of meat
   140 | D        | Noticed a wretched soul
   140 | D        | Noticed a meat berserker
   141 | D        | Noticed a wretched soul
   141 | D        | Killed a tyrant
   141 | D        | Killed a meat berserker
   142 | D        | Noticed a bag of meat
   142 | D        | Noticed a meat berserker
   142 | D        | Killed a fleshlord
   143 | D        | Killed a bag of meat
   143 | D        | Killed an observer
   144 | D        | Killed a meat berserker
   145 | D        | Killed a fleshlord
   145 | D        | Killed a fleshlord
   146 | D        | Killed a tyrant
   146 | D        | Killed a meat berserker
   147 | D        | Killed an observer
   149 | D        | Noticed a meat berserker
   149 | D        | Noticed a meat berserker
   149 | D        | Killed an accursed
   150 | D        | Killed a bag of meat
   150 | D        | Killed a wretched soul
   151 | D        | Noticed a meat beast
   151 | D        | Killed a bag of meat
   151 | D        | Killed a meat beast
   152 | D        | Noticed an observer
   152 | D        | Noticed a bag of meat
   152 | D        | Noticed a bag of meat
   152 | D        | Noticed a bag of meat
   152 | D        | Noticed a bag of meat
   153 | D        | Killed a meat berserker
   154 | D        | Killed a meat berserker
   154 | D        | Noticed a large bag of meat
   155 | D        | Noticed a bag of meat
   155 | D        | Noticed a dread
   155 | D        | Noticed a destroyer
   155 | D        | Noticed a sculptor of flesh
   155 | D        | Killed a bag of meat
   156 | D        | Noticed a fleshlord
   156 | D        | Noticed a dread
   157 | D        | Noticed a meat berserker
   157 | D        | Noticed a meat beast
   157 | D        | Noticed a bag of meat
   159 | D        | Noticed a meat berserker
   159 | D        | Noticed a wretched soul
   159 | D        | Noticed a bag of meat
   159 | D        | Noticed a wretched soul
   159 | D        | Noticed a meat beast
   159 | D        | Annihilated by a destroyer

Vault maps used:
D:        meatsprint

Action                   |  1- 3 |  4- 6 |  7- 9 | 10-12 | 13-15 | 16-18 | 19-21 | 22-24 | 25-27 || total
-------------------------+-------+-------+-------+-------+-------+-------+-------+-------+-------++-------
Melee: Executioner's axe |     1 |       |       |     1 |     3 |     4 |     8 |    12 |    76 ||   105
Evoke: Wand              |       |       |       |       |       |       |       |       |     2 ||     2
  Use: Scroll            |       |       |       |       |       |       |     1 |     1 |       ||     2
